 Dungeon Crawl Stone Soup version 0.26-a0-1181-gd376ed14c5 (webtiles) character file.

Game seed: 9580548280913822309

6 sahdkjhfkaj the Conjurer (level 2, 0/19 HPs)
             Began as a Human Conjurer on Dec 26, 2020.
             Slain by a goblin
             ... wielding a +0 dagger
              (1 damage)
             ... on level 1 of the Dungeon.
             The game lasted 00:00:48 (159 turns).

sahdkjhfkaj the Conjurer (Human Conjurer)            Turns: 159, Time: 00:00:49

Health: 0/19       AC:  2    Str:  7    XL:     2   Next: 0%
Magic:  0/5        EV: 12    Int: 18    God:
Gold:   0          SH:  0    Dex: 11    Spells: 5/6 levels left

rFire    . . .     SeeInvis .   (no weapon)
rCold    . . .     Faith    .   (no shield)
rNeg     . . .     Spirit   .   a - +0 robe
rPois    .         Reflect  .   (no helmet)
rElec    .         Harm     .   (no cloak)
rCorr    .         Rampage  .   (no gloves)
Will     .....                  (no boots)
Stlth    ++........             (no amulet)
HPRegen  0.06/turn              (no ring)
MPRegen  0.09/turn              (no ring)

@: no status effects
A: no striking features
a: no special abilities


You were on level 1 of the Dungeon.
You visited 1 branch of the dungeon, and saw 1 of its levels.

Inventory:

Armour
 a - a +0 robe (worn)


   Skills:
 + Level 0.0 Fighting
 - Level 2.0 Dodging
 - Level 2.0 Stealth
 - Level 2.5 Spellcasting
 - Level 4.0 Conjurations


You had 5 spell levels left.
You knew the following spells:

 Your Spells              Type           Power        Failure   Level
a - Magic Dart            Conj           64%          3%          1

Your spell library contained the following spells:

 Spells                   Type           Power        Failure   Level
 Searing Ray              Conj           32%          4%          2
 Dazzling Flash           Conj/Hex       18%          22%         3
 Fulminant Prism          Conj/Hex       4%           58%         4
 Iskenderun's Mystic Bla  Conj/Tloc      9%           58%         4


Dungeon Overview and Level Annotations

Branches:
Dungeon (1/15)

Altars:


Message History

Press: ? - help, Q - select action Shift-Dir - straight line, f - goblin
Aim: a goblin, wielding a +0 dagger (0% to evade)
The magic dart hits the goblin.
The goblin is moderately wounded.
Unknown command.
Aiming: Magic Dart (safe; 3% risk of failure)
Press: ? - help, Q - select action Shift-Dir - straight line, f/p - goblin
Aim: a goblin, wielding a +0 dagger (moderately wounded, 0% to evade)
The magic dart hits the goblin.
The goblin is severely wounded.
The goblin hits you with a +0 dagger.
* * * LOW HITPOINT WARNING * * *
Unknown command.
You hit the goblin but do no damage.
The goblin is severely wounded.
The goblin hits you but does no damage.
You miss the goblin.
The goblin is severely wounded.
The goblin hits you with a +0 dagger.
You die...

###.###
#x#.#n#
###.###
#d#.#N#
###.###
#m#.#Q#
###'###
#g..#
#@<.#
#####


You could see a goblin.

Vanquished Creatures
  A dart slug (D:1)
  A goblin (D:1)
  2 bats (D:1)
  A rat (D:1)
5 creatures vanquished.

Notes
Turn   | Place    | Note
-------+----------+-------------------------------------------
     0 | D:1      | sahdkjhfkaj the Human Conjurer began the quest for the Orb.
     0 | D:1      | Reached XP level 1. HP: 13/13 MP: 3/3
     2 | D:1      | Noticed a merfolk
     2 | D:1      | Noticed a tengu
     4 | D:1      | Noticed a draconian
     4 | D:1      | Noticed a naga
     6 | D:1      | Noticed an octopode
     6 | D:1      | Noticed a ghoul
     8 | D:1      | Noticed a felid
     8 | D:1      | Noticed a halfling
    10 | D:1      | Noticed a vine stalker
    12 | D:1      | Noticed a minotaur
    12 | D:1      | Noticed an ogre
    14 | D:1      | Noticed an elf
    16 | D:1      | Noticed a vampire
    16 | D:1      | Noticed a troll
    18 | D:1      | Noticed a gargoyle
    18 | D:1      | Noticed a spriggan
    20 | D:1      | Noticed a centaur
    20 | D:1      | Noticed a dwarf
    22 | D:1      | Noticed a formicid
    24 | D:1      | Noticed a demigod
    24 | D:1      | Noticed a demonspawn
    26 | D:1      | Noticed a human
   140 | D:1      | Reached XP level 2. HP: 5/19 MP: 0/5
   159 | D:1      | Slain by a goblin

Illustrated notes

Levels and vault maps discovered:
D:1:      kb_arrival_jail, layout_rooms

Action                   || total
-------------------------++-------
Melee: Unarmed           ||     7
 Cast: Magic Dart        ||    12
Armor: Robe              ||     9
Dodge: Dodged            ||    17

Table legend: (Time is in decaauts)
 A = Elapsed time spent in this place.
 B = Non-inter-level travel time spent in this place.
 C = Inter-level travel time spent in this place.
 D = Time resting spent in this place.
 E = Time spent auto-exploring this place.
 F = Levels seen in this place.
 G = Mean time per level.
                   A        B        C        D        E       F      G
               +--------+--------+--------+--------+--------+-----+--------+
         Total |    159 |    159 |      0 |      2 |     99 |   1 |  159.0 |
       Dungeon |    159 |    159 |      0 |      2 |     99 |   1 |  159.0 |
               +--------+--------+--------+--------+--------+-----+--------+

Top non-repeatable levels by time:
     D:1: 159 daAuts
